 Dungeon Crawl Stone Soup version 0.15-a0-1909-gd9acbb9 (console) character file.

205 MrRokkomies the Slasher (level 6, -24/44 HPs)
             Began as a Formicid Warper on July 6, 2014.
             Annihilated by an ogre
             ... wielding a +0 giant club
              (25 damage)
             ... on Level 3 of the Dungeon.
             The game lasted 00:11:57 (2791 turns).

MrRokkomies the Slasher (Formicid Warper)           Turns: 2791, Time: 00:11:58

HP -24/44        AC 10     Str 16      XL: 6   Next:  9%
MP  12/12        EV 10     Int 14      God:
Gold 110         SH  0     Dex 10      Spells:  3 memorised,  2 levels left

rFire  . . .     SeeInvis +     a - +1 falchion
rCold  . . .     Clarity  .     n - +1 leather armour
rNeg   . . .     rCorr    .     (no shield)
rPois  .         rRot     .     (helmet unavailable)
rElec  .         Spirit   .     (no cloak)
SustAb .         Warding  .     (no gloves)
rMut   .         Stasis   +     (no boots)
Gourm  .                        r - amulet of rage
MR     .....                    (no ring)
                                j - +6 ring of protection

@: very slightly contaminated, drained, not resistant to hostile enchantments,
very unstealthy
A: permanent stasis, dig shafts and tunnels, four strong arms, antennae 3,
breathe flames 1
a: Dig, Shaft Self, Breathe Fire


You were on level 3 of the Dungeon.
You were hungry.

You visited 1 branch of the dungeon, and saw 4 of its levels.

You collected 110 gold pieces.

Inventory:

Hand weapons
 a - a +1 falchion (weapon)
 b - a +0 sling
 k - a +0 dagger of draining
Missiles
 g - 36 poisoned needles
 h - 21 exploding sling bullets
 l - 42 bolts
 x - 13 arrows
Armour
 n - a +1 leather armour (worn)
Magical devices
 p - a wand of digging (3)
Comestibles
 f - 3 bread rations
 i - a slice of pizza
 m - a beef jerky
 q - 3 meat rations
Jewellery
 d - an uncursed ring of ice
 j - a +6 ring of protection (left hand)
 r - an amulet of rage (around neck)
Potions
 s - a potion of restore abilities {unknown}
Books
 c - a book of Spatial Translocations

   Spells                             Type                      Level
   *Apportation                       Translocation                1
   Blink                              Translocation                2
   *Shroud of Golubria                Charms/Translocation         2
   Portal Projectile                  Translocation                3
   Teleport Other                     Translocation                3
   *Passage of Golubria               Translocation                4


   Skills:
 - Level 2.1(1.6) Fighting
 * Level 4.6(4.0) Long Blades
 - Level 0.7(0.1) Throwing
 - Level 1.1(0.5) Armour
 - Level 1.7(1.2) Dodging
 - Level 2.1(1.6) Spellcasting
 + Level 4.2(3.6) Translocations


You had 2 spell levels left.
You knew the following spells:

 Your Spells              Type           Power        Failure   Level  Hunger
a - Apportation           Tloc           ##........   6%          1    ##.....
b - Shroud of Golubria    Chrm/Tloc      #.........   21%         2    ###....
c - Passage of Golubria   Tloc           N/A          58%         4    #####..


Dungeon Overview and Level Annotations

Branches:
Dungeon (4/15)
 Temple: D:4-7

Altars:
Zin


Innate Abilities, Weirdness & Mutations

Your are under a permanent stasis effect.
You can dig through walls and to a lower floor.
Your four strong arms can wield two-handed weapons with a shield.
You have a pair of large antennae on your head (SInv).
You can breathe flames.


Message History

* * * LOW HITPOINT WARNING * * *
You climb upwards.
There is a stone staircase leading down here.
Drink which item? (? for menu, Esc to quit)
You feel better.
Casting: Shroud of Golubria
Confirm with . or Enter, or press ? or * to list all spells.
Aiming: Passage of Golubria
Press: ? - help, Dir - move target cursor, f - you You miscast Passage of Golubria.
You are very lightly contaminated with residual magic.
You feel a strange surge of energy! The ogre hits you with a giant club!
* * * LOW HITPOINT WARNING * * *
Read which item? (? for menu, Esc to quit)
Okay, then.
Drink which item? (? for menu, Esc to quit)
Magic courses through your body.
It was a potion of magic.
The ogre hits you with a giant club!!
Ouch! That really hurt!
You die...

.....................###....##...
...................##.......#....
............................#....
....#.......................#....
.#.##.......#...............#....
.#..........#..<........##.......
.#...............................
............#.................)..
............#...@................
............#...O................
............#....................
............#......%..........>..
########....#..................##
###....#.........##########
#................#
#.#....##........#
#.#....###.##.####


You could see an ogre.

Vanquished Creatures
  A scorpion (D:2)
  The ghost of Charly the Sneak, a weakling VSAs (D:3)
  4 adders
  A gnoll (D:1)
  A giant mite (D:2)
  An inept feature mimic (D:3)
  2 worms
  4 giant geckos
  4 ball pythons
  4 bats
  3 hobgoblins
  8 kobolds
  4 giant cockroaches
  3 giant newts (D:1)
  9 goblins
  3 jackals (D:3)
  An orc skeleton (D:2)
  7 rats
61 creatures vanquished.

Notes
Turn   | Place    | Note
--------------------------------------------------------------
     0 | D:1      | MrRokkomies, the Formicid Warper, began the quest for the Orb.
     0 | D:1      | Reached XP level 1. HP: 16/16 MP: 3/3
   418 | D:1      | Reached XP level 2. HP: 17/22 MP: 5/5
   498 | D:1      | Reached skill level 3 in Translocations
   656 | D:1      | Reached XP level 3. HP: 14/27 MP: 7/7
   844 | D:1      | Learned a level 2 spell: Shroud of Golubria
  1304 | D:2      | Reached XP level 4. HP: 33/33 MP: 8/8
  1324 | D:2      | Learned a level 4 spell: Passage of Golubria
  1432 | D:2      | Noticed a scorpion
  1444 | D:2      | Killed a scorpion
  1444 | D:2      | Reached XP level 5. HP: 23/38 MP: 11/11
  1671 | D:2      | Reached skill level 4 in Translocations
  1933 | D:2      | Gained mutation: You can breathe flames. [potion of beneficial mutation]
  2094 | D:3      | Found a glowing silver altar of Zin.
  2293 | D:3      | Noticed Charly's ghost (weakling VSAs)
  2541 | D:3      | Killed Charly's ghost
  2541 | D:3      | Reached XP level 6. HP: 22/44 MP: 7/12
  2790 | D:3      | HP: 1/44 [ogre/giant club (13)]
  2791 | D:3      | Annihilated by an ogre

Action                   |  1- 3 |  4- 6 || total
-------------------------+-------+-------++-------
Melee: Falchion          |   109 |   131 ||   240
Throw: Tomahawk          |    12 |    23 ||    35
 Cast: Shroud of Golubri |       |     2 ||     2
Evoke: Wand              |       |     1 ||     1
  Use: Scroll            |     2 |     6 ||     8
       Potion            |       |     3 ||     3
  Eat: Chunk             |     1 |     5 ||     6
